 Dungeon Crawl Stone Soup version 0.23-a0-241-g3b46b07 (webtiles) character file.

191420 Amnesiac the Imperceptible (level 17, -4/89 HPs)
             Began as a Spriggan Enchanter on Sept 27, 2018.
             Was the Champion of Dithmenos.
             Shot with a sling bullet by a faun (22 damage)
             ... on level 4 of the Shoals.
             The game lasted 01:29:22 (35389 turns).

Amnesiac the Imperceptible (Spriggan Enchanter)    Turns: 35389, Time: 01:29:23

Health: -4/89      AC:  7    Str:  4    XL:     17   Next: 57%
Magic:  0/53       EV: 31    Int: 22    God:    Dithmenos [******]
Gold:   3452       SH: 11    Dex: 18    Spells: 6/43 levels left

rFire    + . .     SeeInvis +   a - +9 quick blade (flame)
rCold    + . .     Gourm    .   O - +3 buckler
rNeg     . . .     Faith    .   K - +2 robe {rC+ rF+}
rPois    .         Spirit   +   (helmet restricted)
rElec    .         Reflect  .   W - +2 cloak
rCorr    .         Harm     .   (gloves unavailable)
MR       ++...                  (boots unavailable)
Stlth    ++++++++++             r - amulet of guardian spirit
HPRegen  0.24/turn              S - ring of magical power
MPRegen  0.33/turn              l - ring of magical power

@: wreathed by umbra, very quick
A: very small, unfitting armour, see invisible, herbivore, speed 3, slow
metabolism 2
}: 1/15 runes: gossamer
a: Shadow Step, Shadow Form, Renounce Religion


You were on level 4 of the Shoals.
You worshipped Dithmenos.
Dithmenos was exalted by your worship.
You were very full.

You visited 6 branches of the dungeon, and saw 32 of its levels.
You also visited: Volcano.

You collected 3621 gold pieces.
You spent 169 gold pieces at shops.

Inventory:

Hand Weapons
 a - a +9 quick blade of flaming (weapon)
 b - a +3 blowgun
Missiles
 C - 85 poisoned needles
 F - 6 throwing nets (quivered)
 P - 11 curare-tipped needles
Armour
 K - a +2 robe of resistance (worn)
 O - a +3 buckler (worn)
 W - a +2 cloak (worn)
Jewellery
 l - a ring of magical power (right hand)
 n - an uncursed ring of protection from fire
 r - an amulet of guardian spirit (around neck)
 y - an uncursed ring of resist corrosion
 S - a ring of magical power (left hand)
 X - an uncursed ring of protection from magic
Wands
 v - a wand of paralysis (25)
 B - a wand of scattershot (10)
 D - a wand of enslavement (2)
 G - a wand of digging (25)
 N - a wand of iceblast (40)
 R - a wand of clouds (8)
 V - a wand of disintegration (11)
 Z - a wand of acid (13)
Scrolls
 e - 5 scrolls of teleportation {!r}
 f - 5 scrolls of magic mapping {!r}
 m - 11 scrolls of remove curse {!r}
 x - 4 scrolls of amnesia {!r}
 z - 8 scrolls of fog {!r}
 I - 4 scrolls of blinking {!r}
 L - 11 scrolls of identify {!r}
 M - 2 scrolls of torment {!r}
 Q - a scroll of summoning {!r}
 Y - a scroll of holy word {!r}
Potions
 c - 2 potions of ambrosia {!q}
 g - 3 potions of cancellation {!q}
 h - 5 potions of brilliance {!q}
 i - 8 potions of lignification {!q}
 j - 5 potions of haste {!q}
 k - 3 potions of heal wounds {!q}
 o - 2 potions of flight {!q}
 p - 2 potions of resistance {!q}
 q - 4 potions of mutation {!q}
 s - 2 potions of invisibility {!q}
 t - 14 potions of curing {!q}
 u - 2 potions of magic {!q}
 A - 5 potions of berserk rage {!q}
 E - 4 potions of might {!q}
 H - 2 potions of agility {!q}
Miscellaneous
 J - a phial of floods
 T - a lightning rod (4/4)
 U - a fan of gales
Comestibles
 d - 32 rations


   Skills:
 - Level 10.0 Fighting
 - Level 10.1 Short Blades
 - Level 15.0 Dodging
 - Level 21.0 Stealth
 - Level 7.2 Shields
 + Level 13.8 Spellcasting
 + Level 13.9 Hexes
 - Level 12.0 Invocations
 - Level 8.0 Evocations


You had 6 spell levels left.
You knew the following spells:

 Your Spells              Type           Power        Failure   Level  Hunger
a - Ensorcelled Hibernat  Hex/Ice        #####.       1%          2    None
b - Mephitic Cloud        Conj/Pois/Air  ###.....     12%         3    None
c - Poisonous Vapours     Pois/Air       ###...       6%          2    None
d - Dazzling Spray        Conj/Hex       #####.       1%          3    None
e - Confuse               Hex            ######..     1%          3    None
f - Spectral Weapon       Hex/Chrm       #####...     1%          3    None
g - Apportation           Tloc           ###...       4%          1    None
h - Passage of Golubria   Tloc           N/A          38%         4    None
i - Summon Lightning Spi  Summ/Air       ###.....     38%         4    None
r - Regeneration          Chrm/Necr      ###.......   12%         3    None
s - Conjure Flame         Conj/Fire      ###.....     12%         3    None
v - Blink                 Tloc           N/A          6%          2    None
w - Tukima's Dance        Hex            ######..     1%          3    None
z - Confusing Touch       Hex            ######       0%          1    None

Your spell library contained the following spells:

 Spells                   Type           Power        Failure   Level  Hunger
 Corona                   Hex            ######.      0%          1    None
 Summon Guardian Golem    Hex/Summ       #####...     1%          3    None
 Animate Skeleton         Necr           N/A          4%          1    None
 Beastly Appendage        Tmut           ###...       4%          1    None
 Infusion                 Chrm           ###.         4%          1    None
 Summon Small Mammal      Summ           ###.         4%          1    None
 Call Imp                 Summ           ###.....     6%          2    None
 Shroud of Golubria       Chrm/Tloc      ###.......   6%          2    None
 Song of Slaying          Chrm           ###.....     6%          2    None
 Sticks to Snakes         Tmut           ###.....     6%          2    None
 Call Canine Familiar     Summ           ###.....     12%         3    None
 Gell's Gravitas          Tloc           ###.......   12%         3    None
 Lesser Beckoning         Tloc           ###.......   12%         3    None
 Spider Form              Tmut/Pois      ###.......   12%         3    None
 Teleport Other           Tloc           ###.....     12%         3    None
 Ice Form                 Ice/Tmut       ###.....     38%         4    None
 Summon Ice Beast         Ice/Summ       ###.....     38%         4    None
 Blade Hands              Tmut           ###.......   75%         5    ###....
 Freezing Cloud           Conj/Ice/Air   ###.......   99%         6    #####..
 Haunt                    Necr/Summ      ###.......   100%        7    ######.
 Ring of Flames           Chrm/Fire      ###.......   100%        7    ######.
 Borgnjor's Revivificati  Necr           ###.......   100%        8    #######
 Death's Door             Chrm/Necr      ###.......   100%        8    #######
 Infestation              Necr           ###.......   100%        8    #######
 Necromutation            Tmut/Necr      ###.......   100%        8    #######


Dungeon Overview and Level Annotations

Branches:
Dungeon (15/15)            Temple (1/1) D:4            Lair (6/6) D:11
 Shoals (4/4) Lair:4       Spider (4/4) Lair:2        Slime (0/5) Lair:6
    Orc (2/2) D:9             Elf (0/3) Orc:2        Vaults (0/5) D:14
 Depths (0/5) D:15

Altars:
Ashenzari
Cheibriados
Dithmenos
Elyvilon
Fedhas
Gozag
Hepliaklqana
Kikubaaqudgha
Makhleb
Nemelex Xobeh
Okawaru
Qazlal
Ru
Sif Muna
Trog
Uskayaw
Vehumet
Wu Jian
Xom
Yredelemnul
Zin
The Shining One

Shops:
D:8 %   Orc:2 [[![   Shoals:2 (

Annotations:
D:8 Pikel
D:13 1 transporter
D:14 mine


Innate Abilities, Weirdness & Mutations

You are very small and have problems with some larger weapons.
You are too small for most types of armour.
You have supernaturally acute eyesight. (SInv)
You are a herbivore.
You cover ground extremely quickly.
You need to consume almost no food.


Message History

Something hits the plant but does no damage.
The sea snake hisses angrily.
You hear a shout!
You hear a screech!
You hear a shout!
You hear a screech!
Evoke which item? (* to show all) (? for menu, Esc to quit)
Aiming: Enslavement
Press: ? - help, Shift-Dir - straight line, f - sea snake, p - manticore
Aim: a sea snake (umbra, chance to defeat MR: 51%)
The sea snake is charmed.
A harpy comes into view.
Something bites your manticore but does no damage.
You block the merfolk's attack.
Unknown command.
The sea snake bites your manticore.
The sea snake dies!
Dithmenos accepts your kill.
A tomahawk appears from out of your range of vision.
The tomahawk hits your manticore!!
The merfolk hits your manticore with a trident!!
The faun hits your manticore with a spear!
Evoke which item? (* to show all) (? for menu, Esc to quit)
Aiming: Enslavement
Press: ? - help, Shift-Dir - straight line, p - sea snake The merfolk impaler is charmed.
The merfolk shouts!
A harpy comes into view.
The merfolk closely misses you.
A harpy comes into view.
The faun hits your manticore but does no damage.
The merfolk throws a poisoned tomahawk.
The poisoned tomahawk closely misses your merfolk impaler.
The poisoned tomahawk hits the merfolk!
The merfolk looks as sick as possible!
You hear a splash.
A merfolk comes into view. It is wielding a trident.
Unknown command.
Evoke which item? (* to show all) (? for menu, Esc to quit)
Aiming: Enslavement
Press: ? - help, Shift-Dir - straight line, f - harpy
Aim: a harpy (umbra, chance to defeat MR: 69%)
The harpy is charmed.
The merfolk hits you from afar with a trident!!
* * * LOW HITPOINT WARNING * * *
The merfolk barely misses your harpy.
The faun unwields an uncursed quarterstaff.
The faun wields a hunting sling.
The faun shoots a sling bullet.
You block the sling bullet.
The faun unwields an uncursed spear.
The faun wields a hunting sling.
The faun shoots a stone.
The stone completely misses you.
Unknown command.
The harpy claws your harpy. The harpy misses your harpy.
The harpy barely misses your sea snake. x2
The merfolk hits your harpy with a trident!
You block the merfolk's attack.
The merfolk dies!
Dithmenos accepts your kill.
You hear a splash.
The merfolk throws an exploding tomahawk.
The exploding tomahawk hits your merfolk impaler!
The exploding tomahawk explodes!
The explosion of tomahawk fragments engulfs your merfolk impaler.
The explosion of tomahawk fragments engulfs the merfolk. x3
The explosion of tomahawk fragments engulfs the harpy.
The harpy closely misses your harpy. The harpy claws your harpy.
The faun shoots a sling bullet.
The sling bullet hits you!!
You die...

##..≈≈≈≈.m... ....
#...≈≈≈≈≈≈≈..
≈...##..≈≈≈≈≈≈≈≈≈..
≈≈≈....≈≈..≈≈≈≈≈≈..
≈≈≈........≈≈≈≈≈≈..
≈≈≈≈...≈..mm≈≈≈≈≈≈.
≈≈.≈...≈≈mm≈≈≈≈≈≈≈.....
#...(....H≈≈≈≈≈≈.....
##...@(.H)H≈≈≈≈≈≈...≈
≈≈.....≈≈..SH.#P#P≈...≈
≈≈≈≈≈≈.≈≈...(.PPPPPP.
≈≈.≈≈≈≈≈.##c#c..PPP#
≈≈≈≈≈≈≈≈....#......#P≈≈
≈.≈≈≈≈≈≈≈..##.m.....P≈≈
≈≈≈≈≈≈≈≈≈≈P≈..c=....P≈≈
≈≈≈≈≈≈≈≈≈≈P≈......##≈≈!
≈≈≈≈≈≈≈≈P#.c....# ≈


You could see 3 merfolk, 2 fauns, 2 harpies, a friendly merfolk impaler, a
friendly sea snake, a friendly manticore (unaware) and a friendly harpy.

Vanquished Creatures
  Nikola (Shoals:2)
  3 krakens
  Ilsuiw (Shoals:2)
  3 emperor scorpions
  3 ghost moths
  An entropy weaver (Spider:3)
  Azrael (D:15)
  2 spark wasps
  Snorg (D:13)
  A merfolk javelineer (Shoals:2)
  2 fire dragons
  A merfolk impaler (Shoals:3)
  6 ogre magi
  Fannar (D:12)
  Harold (Lair:2)
  12 hydras
  An alligator snapping turtle (Shoals:1)
  3 merfolk avatars
  A catoblepas (Lair:3)
  6 centaur warriors
  17 two-headed ogres
  A deep troll earth mage (D:9)
  An orc high priest (Orc:1)
  2 tengu warriors (D:13)
  7 skeletal warriors
  5 sea snakes
  A swamp dragon (Lair:6)
  A deep elf archer (D:14)
  4 orc knights
  3 deep elf magi (D:14)
  4 harpies (Shoals:2)
  13 orb spiders
  9 fauns
  23 wolf spiders
  2 orc sorcerers (Orc:2)
  4 manticores
  6 ugly things
  A salamander (shapeshifter) (D:14)
  11 merfolk sirens
  5 cyclopes
  4 salamanders
  15 elephants
  4 centaur zombies
  A moth of wrath (Spider:4)
  9 black mambas
  A gargoyle (D:14)
  4 torpor snails
  3 water nymphs
  4 spiny frogs
  7 centaur skeletons
  3 rime drakes
  8 komodo dragons
  5 yaktaurs (D:14)
  8 demonic crawlers
  16 merfolk
  A jumping spider (shapeshifter) (D:13)
  9 polar bears (Lair:6)
  26 jumping spiders
  16 hornets
  5 trolls
  3 wind drakes
  4 raiju (Lair:6)
  A queen bee (Lair:1)
  Grinder (D:6)
  7 snapping turtles
  6 blink frogs (Lair:5)
  13 hippogriffs
  44 redbacks
  3 water elementals
  4 wraiths
  3 shadows (D:14)
  8 yaks
  A redback (shapeshifter) (D:15)
  A vampire (D:9)
  2 dancing weapons (Orc:1)
  13 tarantellas
  11 fire bats (Volcano)
  9 wyverns
  2 fire elementals (D:15)
  2 basilisks
  A golden eye (shapeshifter) (D:12)
  3 steam dragons (Lair:6)
  A hungry ghost (D:12)
  13 vampire mosquitoes
  6 wargs
  A soldier ant (D:13)
  3 acid dragons
  7 water moccasins
  7 porcupines
  4 swamp drakes (Lair:6)
  18 hell hounds
  4 slaves (D:9)
  12 black bears
  28 orc warriors
  4 ice beasts
  2 sky beasts
  30 ogres
  2 necrophages
  31 wolves
  4 phantoms
  20 centaurs
  An eye of draining (D:11)
  17 crocodiles
  2 big kobolds
  15 bullfrogs
  A wyvern zombie (D:12)
  A wyvern skeleton (D:7)
  5 scorpions
  19 killer bees
  20 wights
  8 electric eels
  8 howler monkeys
  2 lava snakes (D:13)
  3 crimson imps
  3 bullfrog zombies
  2 quasits
  19 orc wizards
  9 hounds
  6 jellies
  19 orc priests
  9 iguanas
  11 worker ants
  A hound zombie (D:9)
  A hound skeleton (D:4)
  A worker ant zombie (D:11)
  5 gnolls
  8 adders
  A shadow imp (D:6)
  4 oozes
  An adder skeleton (D:9)
  8 worms
  3 dart slugs
  7 leopard geckos
  80 orcs
  11 bats
  A giant cockroach (D:1)
  8 goblins
  5 hobgoblins
  9 jackals
  31 kobolds
  6 quokkas
  2 ball pythons
  3 frilled lizards
  A jackal simulacrum (D:9)
  A quokka skeleton (D:6)
  9 rats
  2 fungi (Lair:6)
  4 tentacles
1052 creatures vanquished.

Vanquished Creatures (collateral kills)
  A spark wasp (Spider:4)
  A merfolk impaler (Shoals:2)
  A two-headed ogre (D:11)
  A skeletal warrior (D:14)
  A sea snake (Shoals:4)
  An orc knight (Orc:1)
  A merfolk (Shoals:4)
  2 ogres
  2 orcs
11 creatures vanquished.

Vanquished Creatures (others)
  An orb spider (Spider:4)
  A vampire mosquito (D:15)
  2 dancing weapons (D:6)
  An orc (Orc:2)
  3 fungi
  9 plants
  7 tentacles
24 creatures vanquished.

Grand Total: 1087 creatures vanquished

Notes
Turn   | Place    | Note
-------+----------+-------------------------------------------
     0 | D:1      | Amnesiac the Spriggan Enchanter began the quest for the
                  | Orb.
     0 | D:1      | Reached XP level 1. HP: 9/9 MP: 5/5
   127 | D:1      | Reached skill level 5 in Stealth
   163 | D:2      | Reached XP level 2. HP: 13/13 MP: 7/7
   167 | D:2      | Learned a level 2 spell: Ensorcelled Hibernation
   398 | D:3      | Reached XP level 3. HP: 16/16 MP: 6/8
   405 | D:3      | Learned a level 3 spell: Confuse
   453 | D:4      | Found a staircase to the Ecumenical Temple.
   474 | Temple   | Entered the Ecumenical Temple
   684 | Temple   | Became a worshipper of Dithmenos the Shadowed
   702 | D:4      | Learned a level 3 spell: Tukima's Dance
   740 | D:3      | Reached skill level 6 in Stealth
  1629 | D:1      | Reached XP level 4. HP: 21/21 MP: 0/9
  2026 | D:2      | Reached skill level 7 in Stealth
  2043 | D:2      | Reached * piety under Dithmenos
  2805 | D:3      | Reached skill level 8 in Stealth
  2805 | D:3      | Reached XP level 5. HP: 9/24 MP: 2/10
  3789 | D:4      | Found a sacrificial altar of Ru.
  4333 | D:5      | Entered Level 5 of the Dungeon
  4349 | D:5      | Noticed a centaur
  4371 | D:5      | Killed a centaur
  4371 | D:5      | Reached XP level 6. HP: 28/28 MP: 10/14
  4377 | D:5      | Learned a level 3 spell: Dazzling Spray
  4429 | D:5      | Reached skill level 5 in Spellcasting
  4478 | D:5      | Reached ** piety under Dithmenos
  4711 | D:5      | Found a glowing silver altar of Zin.
  4817 | D:5      | Got an ichor-stained trident
  4839 | D:5      | Reached skill level 5 in Dodging
  4882 | D:5      | Found a white marble altar of Elyvilon.
  5009 | D:6      | Reached XP level 7. HP: 32/32 MP: 11/17
  5675 | D:6      | Reached XP level 8. HP: 33/36 MP: 21/21
  5733 | D:6      | Noticed Grinder
  5752 | D:6      | Killed Grinder
  5857 | D:6      | Reached skill level 1 in Fighting
  5930 | D:6      | Reached *** piety under Dithmenos
  6932 | D:7      | Noticed a hippogriff
  7021 | D:7      | Killed a hippogriff
  7021 | D:7      | Reached skill level 5 in Short Blades
  7066 | D:7      | Reached XP level 9. HP: 23/44 MP: 2/22
  7417 | D:7      | Found a burning altar of Makhleb.
  7417 | D:7      | Found a hazy altar of Hepliaklqana.
  7417 | D:7      | Found a snail-covered altar of Cheibriados.
  7417 | D:7      | Found a hide-covered altar of Uskayaw.
  7530 | D:7      | Found a sparkling altar of Nemelex Xobeh.
  7530 | D:7      | Found an ornate altar of the Wu Jian Council.
  7852 | D:8      | Reached **** piety under Dithmenos
  8040 | D:8      | Found Atirph's Food Emporium.
  8172 | D:8      | Reached skill level 1 in Shields
  8172 | D:8      | Reached skill level 5 in Hexes
  8582 | D:8      | Learned a level 3 spell: Mephitic Cloud
  8586 | D:8      | Learned a level 3 spell: Conjure Flame
  8589 | D:8      | Learned a level 2 spell: Poisonous Vapours
  8943 | D:9      | Noticed an orc knight
  8951 | D:9      | Noticed a deep troll earth mage
  8960 | D:9      | Killed an orc knight
  8960 | D:9      | Reached XP level 10. HP: 45/49 MP: 9/23
  8965 | D:9      | Found a hazy altar of Hepliaklqana.
  8965 | D:9      | Found a glowing silver altar of Zin.
  8973 | D:9      | Killed a deep troll earth mage
  9256 | D:9      | Noticed Pikel
  9733 | D:9      | Reached ***** piety under Dithmenos
 10097 | D:9      | Found a staircase to the Orcish Mines.
 10128 | D:10     | Entered Level 10 of the Dungeon
 10268 | D:10     | Reached skill level 5 in Shields
 11237 | D:11     | Found a staircase to the Lair.
 11381 | D:11     | Noticed a two-headed ogre
 11407 | D:11     | Killed a two-headed ogre
 11532 | D:11     | Reached XP level 11. HP: 52/52 MP: 25/25
 11647 | Orc:1    | Entered Level 1 of the Orcish Mines
 11661 | Orc:1    | Noticed an orc knight
 11806 | D:9      | Killed an orc knight
 12033 | Orc:1    | Noticed an orc high priest
 12159 | Orc:1    | Killed an orc high priest
 12397 | Orc:1    | Found a bloodstained altar of Trog.
 12502 | Orc:1    | Noticed an orc knight
 12540 | Orc:1    | Noticed an orc knight
 12677 | Orc:1    | Killed an orc knight
 12706 | Orc:1    | Killed an orc knight
 12710 | Orc:1    | Reached skill level 9 in Stealth
 13210 | Orc:2    | Entered Level 2 of the Orcish Mines
 13246 | Orc:2    | Found a staircase to the Elven Halls.
 13250 | Orc:2    | Noticed an orc sorcerer
 13263 | Orc:2    | Killed an orc sorcerer
 13313 | Orc:2    | Found a dark tunnel.
 13389 | Volcano  | Entered a volcano
 13451 | Volcano  | Noticed a two-headed ogre
 13485 | Volcano  | Noticed a two-headed ogre
 13492 | Volcano  | Killed a two-headed ogre
 13506 | Volcano  | Reached skill level 10 in Spellcasting
 13506 | Volcano  | Reached skill level 10 in Hexes
 13522 | Volcano  | Killed a two-headed ogre
 13522 | Volcano  | Reached skill level 10 in Short Blades
 13522 | Volcano  | Reached skill level 10 in Stealth
 13546 | Volcano  | Reached XP level 12. HP: 56/56 MP: 19/27
 13549 | Volcano  | Reached ****** piety under Dithmenos
 13580 | Volcano  | Reached skill level 11 in Stealth
 13679 | Volcano  | Noticed a fire dragon
 13684 | Volcano  | Killed a fire dragon
 14232 | Orc:2    | Noticed a two-headed ogre
 14233 | Orc:2    | Found Yllis's Antique Armour Shoppe.
 14233 | Orc:2    | Found Vaunwup's Armour Boutique.
 14233 | Orc:2    | Noticed an ogre mage
 14280 | Orc:2    | Killed a two-headed ogre
 14280 | Orc:2    | Reached skill level 12 in Stealth
 14309 | Orc:2    | Noticed a two-headed ogre
 14324 | Orc:2    | Killed a two-headed ogre
 14332 | Orc:2    | Noticed a two-headed ogre
 14354 | Orc:2    | Killed a two-headed ogre
 14354 | Orc:2    | Reached skill level 10 in Dodging
 14394 | Orc:2    | Noticed a two-headed ogre
 14426 | Orc:2    | Killed a two-headed ogre
 14426 | Orc:2    | Reached skill level 13 in Stealth
 14458 | Orc:2    | Noticed a two-headed ogre
 14467 | Orc:2    | Killed a two-headed ogre
 14484 | Orc:2    | Noticed an ogre mage
 14490 | Orc:2    | Paralysed by an ogre mage for 7 turns
 14496 | Orc:2    | Noticed an ogre mage
 14674 | Orc:2    | Killed an ogre mage
 14701 | Orc:2    | Killed an ogre mage
 14701 | Orc:2    | Reached skill level 5 in Fighting
 14734 | Orc:2    | Noticed a two-headed ogre
 14755 | Orc:2    | Killed a two-headed ogre
 14755 | Orc:2    | Reached skill level 14 in Stealth
 14763 | Orc:2    | Noticed a two-headed ogre
 14763 | Orc:2    | Noticed an ogre mage
 14797 | Orc:2    | Noticed a two-headed ogre
 14797 | Orc:2    | Noticed a two-headed ogre
 14827 | Orc:2    | Killed an ogre mage
 14843 | Orc:2    | Killed a two-headed ogre
 14896 | Orc:2    | Noticed a two-headed ogre
 14900 | Orc:2    | Noticed a two-headed ogre
 14976 | Orc:2    | Noticed a two-headed ogre
 14985 | Orc:2    | Killed a two-headed ogre
 14993 | Orc:2    | Killed a two-headed ogre
 14993 | Orc:2    | Reached XP level 13. HP: 55/64 MP: 19/28
 15049 | Orc:2    | Reached skill level 15 in Stealth
 15155 | Orc:2    | Found Ijecod Eghyp's Armour Shop.
 15155 | Orc:2    | Found Heazuc's Distillery.
 15205 | Orc:2    | Bought a potion of ambrosia for 112 gold pieces
 15412 | D:12     | Found a sparkling altar of Nemelex Xobeh.
 15563 | D:12     | Paralysed by a hornet for 1 turns
 15639 | D:12     | Noticed Fannar
 15671 | D:12     | Killed Fannar
 16415 | D:13     | Found a transporter.
 16798 | D:13     | Found a transporter.
 16819 | D:13     | Noticed Snorg
 16852 | D:13     | Killed Snorg
 17115 | D:13     | Noticed a sphinx
 18190 | D:14     | Reached skill level 15 in Dodging
 18208 | D:14     | Found a gate to the Vaults.
 18209 | D:14     | Reached XP level 14. HP: 74/74 MP: 29/29
 18788 | D:14     | Reached skill level 10 in Fighting
 18830 | D:14     | Reached skill level 1 in Evocations
 18834 | D:14     | Reached skill level 1 in Invocations
 19034 | D:14     | Found a shadowy altar of Dithmenos.
 19420 | D:15     | Entered Level 15 of the Dungeon
 19882 | D:14     | Reached skill level 5 in Evocations
 20499 | D:15     | Noticed Azrael
 20639 | D:15     | Reached skill level 5 in Invocations
 20823 | D:15     | Noticed an emperor scorpion
 20824 | D:15     | Found a staircase to the Depths.
 20847 | D:15     | Killed an emperor scorpion
 21277 | D:15     | Killed Azrael
 21629 | Lair:1   | Entered Level 1 of the Lair of Beasts
 22270 | Lair:1   | Reached XP level 15. HP: 74/80 MP: 30/30
 22803 | Lair:2   | Found a hole to the Spider Nest.
 22873 | Lair:2   | Found a glowing silver altar of Zin.
 23030 | Lair:2   | Noticed Harold
 23103 | Lair:2   | Killed Harold
 23905 | Lair:3   | Reached skill level 10 in Invocations
 24812 | Lair:4   | Learned a level 3 spell: Regeneration
 24816 | Lair:4   | Learned a level 3 spell: Spectral Weapon
 24922 | Lair:4   | Found a staircase to the Shoals.
 25319 | Lair:5   | Identified a scroll of acquirement {!r}
 26354 | Lair:6   | Entered Level 6 of the Lair of Beasts
 27366 | Lair:6   | Reached skill level 16 in Stealth
 27600 | Lair:6   | Found a staircase to the Slime Pits.
 27871 | Lair:6   | Learned a level 1 spell: Confusing Touch
 27874 | Lair:6   | Learned a level 2 spell: Blink
 27896 | Lair:6   | Reached skill level 17 in Stealth
 28653 | Spider:1 | Entered Level 1 of the Spider Nest
 28724 | Spider:1 | Reached XP level 16. HP: 85/85 MP: 31/31
 28785 | Spider:1 | Reached skill level 18 in Stealth
 29085 | Spider:2 | Reached skill level 19 in Stealth
 29796 | Spider:3 | Reached skill level 20 in Stealth
 30723 | Spider:3 | Reached skill level 21 in Stealth
 31347 | Spider:4 | Entered Level 4 of the Spider Nest
 32146 | Spider:4 | HP: 3/85 [jumping spider (5)]
 33109 | Spider:4 | Got a gossamer rune of Zot
 33298 | Shoals:1 | Entered Level 1 of the Shoals
 33536 | Shoals:1 | Learned a level 1 spell: Apportation
 33541 | Shoals:1 | Learned a level 4 spell: Passage of Golubria
 33546 | Shoals:1 | Learned a level 4 spell: Summon Lightning Spire
 33664 | Shoals:1 | Reached XP level 17. HP: 89/89 MP: 33/33
 33999 | Shoals:1 | Noticed a kraken
 34018 | Shoals:1 | Killed a kraken
 34103 | Shoals:2 | Noticed Ilsuiw
 34106 | Shoals:2 | Killed Ilsuiw
 34108 | Shoals:2 | Noticed a kraken
 34126 | Shoals:2 | Killed a kraken
 34289 | Shoals:2 | Noticed a kraken
 34340 | Shoals:2 | Killed a kraken
 34367 | Shoals:2 | Found Fehadden's Weapon Boutique.
 34403 | Shoals:2 | Bought 6 curare-tipped needles for 57 gold pieces
 34785 | Shoals:2 | Noticed Nikola
 34802 | Shoals:2 | Killed Nikola
 34957 | Shoals:2 | HP: 2/89 [faun/spear (7)]
 35372 | Shoals:4 | Entered Level 4 of the Shoals
 35389 | Shoals:4 | Shot with a sling bullet by a faun

Vault maps used:
D:1:      dpeg_arrival_pond
D:2:      nrook_mini_backslash, grunt_decor_mini_mirrors, kennysheep_cross_room
D:4:      nicolae_ru_sacrificial_ziggurat, minmay_temple_entry_glass,
          first_ration
D:5:      lemuel_doored_altar, basic_altar
D:6:      kennysheep_kobold_camp, uniq_grinder
D:7:      minmay_overflow_temple_hex
D:8:      serial_shops, nicolae_shop_statue_plus
D:9:      hiddenorc1_lemuel, jmf_multi_god_temple, uniq_pikel
D:11:     lair_entry_dummy
D:12:     basic_altar, uniq_fannar
D:13:     gammafunk_dig_for_victory, hangedman_fish_farm, disabler_island,
          uniq_snorg
D:14:     minmay_goldmine, hangedman_vaults_entry_quadrant_bands,
          nicolae_dithmenos_shadow_blocks
D:15:     hangedman_depths_entry_try_elsewhere_first, uniq_azrael
Temple:   eino_temple_lava
Lair:1:   special_room, grunt_megastairs_2
Lair:2:   nicolae_spider_entry_non_spiders, basic_altar, grunt_megastairs_1,
          uniq_harold
Lair:3:   infiniplex_staircase_pool_2
Lair:4:   minmay_shoals_entry_hut, serial_bayou_lagoon_b,
          infiniplex_staircase_pool
Lair:5:   grunt_megastairs_5
Lair:6:   hangedman_lair_caniforms_friends, guppyfry_lair_end_dragon,
          nicolae_slime_entry_slimehenge, serial_bayou_shore_b
Shoals:2: serial_shops, shop, uniq_ilsuiw, uniq_nikola
Shoals:3: cheibrodos_shoals_baths, yaktaur_hedge
Shoals:4: shoals_end_grunt_garden
Spider:2: nicolae_spider_stair_cavern
Spider:4: spider_rune_water, lemuel_hornet_nest
Orc:1:    cheibrodos_orc_arena, basic_altar
Orc:2:    st_orc_ogre_mass, enter_volcano_1
Volcano:  pf_volcano_lost_world

Skill      XL: |  1  2  3  4  5  6  7  8  9 10 11 12 13 14 15 16 17 |
---------------+----------------------------------------------------+-----
Stealth        | 5 6 8 10 14 15 17 21 | 21.0
Spellcasting   | 3 4 6 8 9 10 11 13 | 13.8
Hexes          | 4 8 9 10 11 13 | 13.9
Short Blades   | 2 5 8 10 | 10.1
Dodging        | 4 5 7 8 11 15 | 15.0
Fighting       | 3 5 8 10 | 10.0
Shields        | 2 6 7 |  7.2
Evocations     | 8 |  8.0
Invocations    | 7 12 | 12.0

Action                   |  1- 3 |  4- 6 |  7- 9 | 10-12 | 13-15 | 16-18 || total
-------------------------+-------+-------+-------+-------+-------+-------++-------
Melee: Dagger            |    74 |   130 |   418 |   467 |   734 |       ||  1823
       Demon blade       |       |       |       |       |     3 |       ||     3
       Quick blade       |       |       |       |       |   695 |   552 ||  1247
 Cast: Corona            |     4 |       |       |       |       |       ||     4
       Ensorcelled Hiber |    29 |    39 |    44 |   123 |   172 |    91 ||   498
       Confuse           |       |    21 |    53 |    92 |   158 |    97 ||   421
       Tukima's Dance    |       |     2 |     5 |    13 |     9 |     1 ||    30
       Dazzling Spray    |       |       |     3 |    35 |   116 |    97 ||   251
       Conjure Flame     |       |       |       |       |     1 |       ||     1
       Blink             |       |       |       |       |     1 |     3 ||     4
Invok: Shadow Step       |       |       |       |     1 |       |     4 ||     5
Evoke: Wand              |       |       |       |       |     1 |     7 ||     8
  Use: Scroll            |     8 |     6 |     3 |     5 |    13 |    13 ||    48
       Potion            |     1 |     2 |       |     1 |     1 |     8 ||    13
 Stab: Sleeping          |    28 |    34 |    51 |    89 |   214 |   120 ||   536
       Confused          |       |    11 |    33 |    69 |   115 |    64 ||   292
       Distracted        |       |       |     1 |     2 |     5 |     3 ||    11
       Invisible         |       |       |     1 |    14 |    24 |    29 ||    68
  Eat: Ration            |       |     6 |       |     3 |    10 |     4 ||    23
Armor: Robe              |    12 |     1 |    13 |     3 |    30 |    10 ||    69
Dodge: Dodged            |    55 |    64 |   283 |   182 |   929 |   450 ||  1963
Block: Buckler           |       |       |       |    84 |   536 |   227 ||   847

Table legend:
 A = Non-vault XP
 B = Vault XP
 C = Vault XP percentage of total XP
 D = Non-vault monster count
 E = Vault monster count
 F = Vault count percentage of total count
                 A         B        C        D         E       F
            +---------+---------+-------+---------+---------+-------
      Total |  165572 |   92979 |  36.0 |     723 |     327 |  31.1
            +---------+---------+-------+---------+---------+-------
        D:1 |      60 |       0 |   0.0 |      26 |       0 |   0.0
        D:2 |      45 |       0 |   0.0 |      18 |       0 |   0.0
        D:3 |     176 |       0 |   0.0 |      32 |       0 |   0.0
        D:4 |      65 |       0 |   0.0 |       4 |       0 |   0.0
        D:5 |     299 |       0 |   0.0 |      11 |       0 |   0.0
        D:6 |     862 |     402 |  31.8 |      19 |      22 |  53.7
        D:7 |    1525 |       0 |   0.0 |      28 |       0 |   0.0
        D:8 |    1271 |       0 |   0.0 |      28 |       0 |   0.0
        D:9 |    2342 |    1906 |  44.9 |      32 |      19 |  37.3
       D:10 |     738 |       0 |   0.0 |      16 |       0 |   0.0
       D:11 |    2351 |       0 |   0.0 |      27 |       0 |   0.0
       D:12 |    3689 |     917 |  19.9 |      29 |       1 |   3.3
       D:13 |    8909 |    1922 |  17.7 |      36 |       5 |  12.2
       D:14 |   15214 |    9013 |  37.2 |      51 |      30 |  37.0
       D:15 |   14261 |    5691 |  28.5 |      46 |      12 |  20.7
     Lair:1 |    1403 |    1252 |  47.2 |       9 |      17 |  65.4
     Lair:2 |    7231 |    4381 |  37.7 |      25 |      16 |  39.0
     Lair:3 |    2962 |       0 |   0.0 |       8 |       0 |   0.0
     Lair:4 |    4567 |     271 |   5.6 |      19 |       1 |   5.0
     Lair:5 |    4618 |     111 |   2.3 |      16 |       1 |   5.9
     Lair:6 |    9292 |   14326 |  60.7 |      28 |      76 |  73.1
   Shoals:1 |   11788 |       0 |   0.0 |      21 |       0 |   0.0
   Shoals:2 |   24288 |    7859 |  24.4 |      44 |       6 |  12.0
   Shoals:3 |    1926 |       0 |   0.0 |       4 |       0 |   0.0
   Shoals:4 |     918 |     382 |  29.4 |       2 |       1 |  33.3
   Spider:1 |   10287 |       0 |   0.0 |      29 |       0 |   0.0
   Spider:2 |    4787 |       0 |   0.0 |      12 |       0 |   0.0
   Spider:3 |   21335 |       0 |   0.0 |      55 |       0 |   0.0
   Spider:4 |    4645 |   19121 |  80.5 |      14 |      44 |  75.9
      Orc:1 |    1982 |    1645 |  45.4 |      19 |      15 |  44.1
      Orc:2 |    1736 |   15672 |  90.0 |      15 |      34 |  69.4
    Volcano |       0 |    8108 | 100.0 |       0 |      27 | 100.0
            +---------+---------+-------+---------+---------+-------
